 Dungeon Crawl Stone Soup version 0.30-a0-347-gf58ed5266c (webtiles) character file.

Game seed: 1791759761860005207

321 p00ps00p the Trooper (level 6, 0/56 HPs)
             Began as a Hill Orc Fighter on Nov 7, 2022.
             Slain by a vampire (3 damage)
             ... on level 1 of the Abyss.
             The game lasted 00:05:09 (3365 turns).

p00ps00p the Trooper (Hill Orc Fighter)             Turns: 3365, Time: 00:05:09

Health: 0/56       AC:  8    Str: 21    XL:     6   Next: 46%
Magic:  6/6        EV:  9    Int:  8    God:
Gold:   110        SH:  4    Dex: 10    Spells: 5/5 levels left

rFire   . . .      SeeInvis .    k - +2 hand axe (flame)
rCold   . . .      Faith    .    c - +0 buckler
rNeg    . . .      Spirit   .    b - +0 scale mail
rPois   .          Reflect  .    (no helmet)
rElec   .          Harm     .    p - +0 cloak
rCorr   .          Rampage  .    (no gloves)
Will    .....                    (no boots)
Stlth   ..........               (no amulet)
HPRegen 0.29/turn                (no ring)
MPRegen 0.10/turn                (no ring)

@: no status effects
A: no striking features
a: no special abilities


You were on level 1 of the Abyss.
You visited 1 branch of the dungeon, and saw 3 of its levels.
You visited the Abyss 1 time.

You collected 110 gold pieces.

Inventory:

Hand Weapons
 a - a +0 war axe
 k - a +2 hand axe of flaming (weapon)
Missiles
 o - 5 datura-tipped darts (quivered)
Armour
 b - a +0 scale mail (worn)
 c - a +0 buckler (worn)
 p - a +0 cloak (worn)
Wands
 m - a wand of charming (2)
 s - a wand of digging (6)
Scrolls
 h - a scroll of silence {unknown}
 l - a scroll of enchant weapon {unknown}
 n - a scroll of noise {unknown}
 q - 2 scrolls of identify
 u - a scroll of summoning {unknown}
Potions
 d - a potion of heal wounds {unknown}
 e - a potion of magic
 f - a potion of curing {unknown}
 g - a potion of lignification {unknown}
 i - 2 potions of mutation {unknown}
 j - 3 potions of haste {unknown}
 r - a potion of degeneration {unknown}
 t - a potion of berserk rage {unknown}


   Skills:
 + Level 5.2 Fighting
 + Level 4.8 Axes
 + Level 4.8 Armour
 + Level 4.7 Shields


You had 5 spell levels left.
You didn't know any spells.
Your spell library contained the following spells:

 Spells                   Type           Power      Damage    Failure   Level
 Manifold Assault         Tloc           0%         N/A       100%        4
 Dispersal                Tloc           0%         N/A       100%        6
 Disjunction              Tloc           0%         N/A       100%        8


Dungeon Overview and Level Annotations

Branches:
Dungeon (3/15)

Altars:

Shops:
D:2 !


Message History

You destroy the small abomination!
You start resting.
A flying skull comes into view.
A flying skull is nearby!
A flying skull is nearby!
A flying skull is nearby!
You start resting.
A vampire comes into view.
A vampire is nearby!
A vampire is nearby!
A vampire is nearby!
You hit the vampire but do no damage. The vampire closely misses you.
The vampire bites you but does no damage.
You hit the vampire but do no damage. The vampire hits you.
The vampire bites you but does no damage.
You hit the vampire. You burn the vampire.
The vampire is lightly damaged.
The vampire casts a spell at you.
You are confused.
The vampire hits you. The vampire bites you!
The vampire draws strength from your injuries!
You bump into the stone wall.
The vampire hits you! The vampire barely misses you.
You bump into the stone wall.
The vampire mumbles some strange words.
The vampire flickers and vanishes!
Deactivating autopickup; reactivate with Ctrl-A.
You completely miss something. Something hits you!
* * * LOW HITPOINT WARNING * * *
Something bites you!
* * * LOW HITPOINT WARNING * * *
Something draws strength from your injuries!
You barely miss something. Something hits you but does no damage.
Something bites you but does no damage.
You hit something but do no damage.
You hear some strange, mumbled words.
Something tries to affect you, but you resist.
You feel less confused. Something hits you but does no damage.
Something bites you.
You die...

. ###.
. #. #
#.#..
.. # ##
. .
.....
#..# .
..#....
... . .
. . .
.#####
. .
.###.#.
§# # #
.#.#.##
§ . # #
#.{.# #
#
#.#.@#
. .
.##.# #
# ### .


There were no monsters in sight!

Vanquished Creatures
  A black bear (D:2)
  A small abomination (Abyss:1)
  Crazy Yiuf (D:2)
  Ijyb (D:3)
  4 gnolls
  3 adders (D:2)
  A worm (D:2)
  A dart slug (D:1)
  An orc (D:3)
  10 bats
  2 endoplasms
  2 giant cockroaches (D:3)
  3 goblins
  3 hobgoblins
  2 jackals (D:2)
  3 quokkas
  4 ball pythons
  A frilled lizard (D:1)
  4 kobolds
  8 rats
56 creatures vanquished.

Notes
Turn   | Place    | Note
-------+----------+-------------------------------------------
     0 | D:1      | p00ps00p the Hill Orc Fighter began the quest for the Orb.
     0 | D:1      | Reached XP level 1. HP: 19/19 MP: 1/1
   377 | D:1      | Reached XP level 2. HP: 26/27 MP: 2/2
   971 | D:2      | Reached skill level 4 in Fighting
   971 | D:2      | Found Yryxud's Distillery.
  1000 | D:2      | Reached XP level 3. HP: 33/33 MP: 3/3
  1005 | D:2      | Noticed a black bear
  1431 | D:2      | Killed a black bear
  1432 | D:2      | Reached XP level 4. HP: 31/41 MP: 4/4
  1432 | D:2      | Reached XP level 5. HP: 36/47 MP: 5/5
  1481 | D:2      | Found a runed translucent door.
  1482 | D:2      | Noticed Crazy Yiuf
  2413 | D:2      | Killed Crazy Yiuf
  2756 | D:3      | Reached skill level 5 in Fighting
  2756 | D:3      | Reached XP level 6. HP: 28/56 MP: 6/6
  3020 | D:3      | Noticed Ijyb
  3049 | D:3      | Killed Ijyb
  3152 | Abyss:1  | Cast into level 1 of the Abyss (orc)
  3298 | Abyss:1  | Noticed a flying skull
  3354 | Abyss:1  | Noticed a vampire
  3362 | Abyss:1  | HP: 2/56 [something (12)]
  3365 | Abyss:1  | Slain by a vampire

Illustrated notes

Levels and vault maps discovered:
D:1:      lordsloth_arrival_two_stooges, layout_basic
D:2:      minmay_chambers_of_ones, layout_basic, serial_shops, shop_statue,
          uniq_crazy_yiuf_cottage
D:3:      layout_basic, jmf_multi_god_temple, uniq_ijyb
Abyss:1:  base:
D:2

Skill      XL: |  1  2  3  4  5 |
---------------+----------------+-----
Axes           | 3 4 |  4.8
Fighting       | 4 5 |  5.2
Armour         | 4 |  4.8
Shields        | 4 |  4.7

Action                   |  1- 3 |  4- 6 || total
-------------------------+-------+-------++-------
Melee: War axe           |    27 |       ||    27
       Hand axe          |    22 |   165 ||   187
  Use: Scroll            |     5 |       ||     5
       Potion            |     1 |       ||     1
Armor: Scale mail        |    55 |   120 ||   175
Dodge: Dodged            |    31 |    93 ||   124
Block: Buckler           |    10 |    32 ||    42

Table legend: (Time is in decaauts)
 A = Elapsed time spent in this place.
 B = Non-inter-level travel time spent in this place.
 C = Inter-level travel time spent in this place.
 D = Time resting spent in this place.
 E = Time spent auto-exploring this place.
 F = Levels seen in this place.
 G = Mean time per level.
                   A        B        C        D        E       F      G
               +--------+--------+--------+--------+--------+-----+--------+
         Total |   3400 |   3318 |     82 |    879 |   1768 |   4 |  850.0 |
       Dungeon |   3186 |   3104 |     82 |    746 |   1737 |   3 | 1062.0 |
         Abyss |    214 |    214 |      0 |    133 |     31 |   1 |  214.0 |
               +--------+--------+--------+--------+--------+-----+--------+

Top non-repeatable levels by time:
     D:2: 1372 daAuts
     D:1: 1366 daAuts
     D:3: 446 daAuts
 Abyss:1: 214 daAuts
